 Dungeon Crawl Stone Soup version 0.21-a0-94-gdd6ab6a (webtiles) character file.

39 HAL9000 the Chucker (level 3, -10/39 HPs)
             Began as an Ogre Hunter on July 3, 2017.
             Mangled by a kobold
             ... wielding a +1 short sword of electrocution
              (13 damage)
             ... on level 2 of the Dungeon.
             The game lasted 00:03:32 (1566 turns).

HAL9000 the Chucker (Ogre Hunter)                   Turns: 1566, Time: 00:03:32

Health: -10/39     AC:  7    Str: 17    XL:     3   Next: 47%
Magic:  3/3        EV: 10    Int: 12    God:
Gold:   29         SH:  0    Dex:  9    Spells: 2/2 levels left

rFire    . . .     SeeInvis .   u - +0 whip (flame)
rCold    . . .     Gourm    .   (no shield)
rNeg     . . .     Faith    .   b - +0 robe
rPois    .         Spirit   .   (helmet restricted)
rElec    .         Reflect  .   (no cloak)
rCorr    .         Harm     .   (gloves unavailable)
MR       .....                  (boots unavailable)
Stlth    +.........             (no amulet)
HPRegen  0.13/turn              p - +4 ring of protection
MPRegen  0.08/turn              (no ring)

@: no status effects
A: unfitting armour, tough skin 1
a: no special abilities


You were on level 2 of the Dungeon.
You were not hungry.

You visited 1 branch of the dungeon, and saw 2 of its levels.

You collected 29 gold pieces.

Inventory:

Hand Weapons
 u - a +0 whip of flaming (weapon)
Missiles
 c - 4 large rocks (quivered)
 d - 2 throwing nets
Armour
 b - a +0 robe (worn)
Jewellery
 p - a +4 ring of protection (left hand)
 y - an uncursed amulet of harm {unknown}
Scrolls
 h - a scroll of teleportation {unknown}
 k - a scroll of random uselessness {unknown}
 l - a scroll of amnesia {unknown}
 o - a scroll of recharging {unknown}
 s - 2 scrolls of identify {unknown}
 t - a scroll of enchant armour {unknown}
 v - a scroll of magic mapping {unknown}
Potions
 g - 2 potions of agility {unknown}
 j - a potion of degeneration {unknown}
 m - a potion of berserk rage {unknown}
 n - a potion of heal wounds {unknown}
 x - a potion of haste {unknown}
Comestibles
 f - a bread ration
 w - a meat ration


   Skills:
 - Level 3.6 Fighting
 + Level 2.0 Maces & Flails
 - Level 4.0 Throwing
 - Level 1.7 Dodging
 - Level 0.6 Stealth


You had 2 spell levels left.
You didn't know any spells.

Dungeon Overview and Level Annotations

Branches:
Dungeon (2/15)

Altars:


Innate Abilities, Weirdness & Mutations

You are too large for most types of armour.
You have tough skin. (AC +1)


Message History

You are electrocuted!
Ouch! That really hurt!
You are too injured to fight recklessly!
You are too injured to fight recklessly!
You are too injured to fight recklessly!
You are too injured to fight recklessly!
Unknown command.
Throwing (i - inventory. (,) - cycle):
c - 5 large rocks (quivered)
Press: ? - help, Shift-Dir - straight line, f - kobold
Aim: a kobold, wielding a short sword of electrocution You throw a large rock.
The large rock hits the kobold.
The kobold is severely wounded.
The kobold hits you but does no damage.
You are electrocuted!
* * * LOW HITPOINT WARNING * * *
The kobold hits you but does no damage.
Unknown command.
You miss the kobold.
The kobold is severely wounded.
The kobold hits you but does no damage.
You are electrocuted!
You die...

#. #...# #.
########...###### #.
#................ #.#
#................ #(#
#.........[...[.. #
#.###.######...######
##.##.....# #...# #.
...........# #...# #.
.##.##...@.# #...# #.
#.##.#K#.######...#
#.
.##....†.......#.###.
#. #........K.####.#.
.. ... #..####.##%#
#. . #### . ...##.# .
######K# . ... . ...
#.


You could see 2 kobolds.

Vanquished Creatures
  A dart slug (D:1)
  2 giant cockroaches (D:1)
  3 goblins
  7 hobgoblins (D:1)
  7 jackals (D:1)
  3 bats
  2 frilled lizards (D:1)
  4 kobolds (D:1)
  4 rats
33 creatures vanquished.

Notes
Turn   | Place    | Note
-------+----------+-------------------------------------------
     0 | D:1      | HAL9000 the Ogre Hunter began the quest for the Orb.
     0 | D:1      | Reached XP level 1. HP: 22/22 MP: 1/1
   136 | D:1      | HP: 1/23 [jackal (2)]
   143 | D:1      | Reached XP level 2. HP: 3/32 MP: 2/2
   743 | D:1      | Reached skill level 1 in Maces & Flails
   978 | D:1      | Reached XP level 3. HP: 39/39 MP: 3/3
  1566 | D:2      | Mangled by a kobold

Vault maps used:
D:1:      dpeg_arrival_leaves_temple_mockup

Skill      XL: |  1  2  3 |
---------------+----------+-----
Fighting       | 3 |  3.6
Maces & Flails | 1 2 |  2.0
Throwing       | |  4.0
Dodging        | |  1.7
Stealth        | |  0.6

Action                   || total
-------------------------++-------
Melee: Short sword       ||   113
       Whip              ||    17
Throw: Large rock        ||     1
  Eat: Chunk             ||     2
Armor: Robe              ||    61
Dodge: Dodged            ||    79
